 Dungeon Crawl Stone Soup version 0.31.0-32-g396128a36d (webtiles) character file.

Game seed: 6581100996696686779

5282 Alphaeus the Mimic (level 10, -2/98 HPs)
             Began as a Troll Shapeshifter on Mar 18, 2024.
             Was an Elder of Qazlal.
             Slain by an unseen horror (4 damage)
             ... on level 10 of the Dungeon.
             The game lasted 00:07:46 (6440 turns).

Alphaeus the Mimic (Troll Shapeshifter)             Turns: 6440, Time: 00:07:47

Health: -2/98      AC:  5    Str: 28    XL:     10   Next: 37%
Magic:  9/9        EV: 15    Int:  6    God:    Qazlal [****..]
Gold:   559        SH:  5    Dex: 12    Spells: 9/9 levels left

rFire   . .          .
                       - Unarmed
rCold   . . .        (no shield)
rNeg    . . .        E - +1 robe "Rakiud" {rPois Dex+3 Stlth+ Archmagi}
rPois   +            (helmet currently unavailable)
rElec   .            (cloak currently unavailable)
rCorr   .            (gloves unavailable)
SInv    .            (boots unavailable)
Will    +....        (no amulet)
Stlth   +            j - +5 ring of evasion
HPRegen 1.16/turn    s - ring of willpower
MPRegen 0.11/turn

%: repel missiles, archmagi
@: beast-form
A: beast (slay +4), large, unfitting armour, claws 3, regeneration 1, shaggy fur
1, tough skin 1
a: Begin Untransformation, Renounce Religion, Upheaval, Elemental Force


You were on level 10 of the Dungeon.
You worshipped Qazlal.
Qazlal was greatly pleased with you.
You were a hulking beast.
You visited 2 branches of the dungeon, and saw 11 of its levels.

You collected 559 gold pieces.

Inventory:

Missiles
 v - 9 large rocks (quivered)
Armour
 a - a +0 animal skin
 y - a +0 tower shield
 E - the +1 robe "Rakiud" (worn) {rPois Dex+3 Stlth+ Archmagi}
   (You found it on level 7 of the Dungeon)

   Dex+3:     It affects your dexterity (+3).
   rPois:     It protects you from poison Stlth+: It makes you more stealthy.
   Archmagi:  It increases the power of your magical spells.
Jewellery
 j - a +5 ring of evasion (left claw)
 s - a ring of willpower (right claw)
 u - a ring of wizardry
Talismans
 c - a beast talisman
 d - a flux talisman
 A - a serpent talisman
Wands
 t - a wand of charming (13)
Scrolls
 e - 6 scrolls of identify {unknown}
 g - 3 scrolls of brand weapon {unknown}
 i - 2 scrolls of amnesia {unknown}
 k - 2 scrolls of fog {unknown}
 l - a scroll of vulnerability {unknown}
 m - 4 scrolls of teleportation {unknown}
 n - 3 scrolls of enchant armour {unknown}
 o - 2 scrolls of poison {unknown}
 q - a scroll of noise {unknown}
 r - 2 scrolls of silence {unknown}
 w - a scroll of fear {unknown}
 x - a scroll of torment {unknown}
 C - a scroll of revelation {unknown}
 D - a scroll of immolation {unknown}
Potions
 b - a potion of lignification
 f - a potion of brilliance {unknown}
 h - 3 potions of enlightenment {unknown}
 p - 3 potions of heal wounds
 z - 2 potions of curing {unknown}
 B - a potion of berserk rage {unknown}
 F - a potion of cancellation {unknown}


   Skills:
 + Level 6.2 Fighting
 - Level 1.5 Dodging
 + Level 5.8 Shields
 - Level 6.0 Unarmed Combat
 * Level 10.3 Shapeshifting


You had 9 spell levels left.
You didn't know any spells.
Your spell library contained the following spells:

 Spells                   Type           Power      Damage    Failure   Level
 Kiss of Death            Conj/Necr      0%         2d5       45%         1
 Slow                     Hex            0%         N/A       45%         1
 Ensorcelled Hibernation  Hex/Ice        0%         N/A       58%         2
 Confusing Touch          Hex            0%         N/A       83%         3
 Ozocubu's Armour         Ice            0%         N/A       83%         3
 Passwall                 Erth           0%         N/A       83%         3
 Sigil of Binding         Hex            0%         N/A       83%         3
 Swiftness                Air            0%         N/A       83%         3
 Vampiric Draining        Necr           0%         2d6       83%         3
 Dispel Undead            Necr           0%         3d6       99%         4
 Metabolic Englaciation   Hex/Ice        0%         N/A       100%        5
 Sculpt Simulacrum        Ice/Alch       0%         N/A       100%        6


Dungeon Overview and Level Annotations

Branches:
Dungeon (10/15)            Temple (1/1) D:4            Lair (0/5) D:9
    Orc: D:9-12

Altars:
Ashenzari
Cheibriados
Dithmenos
Fedhas
Gozag
Hepliaklqana
Kikubaaqudgha
Makhleb
Nemelex Xobeh
Okawaru
Qazlal
Ru
Sif Muna
Trog
Uskayaw
Vehumet
Wu Jian
Xom
Yredelemnul
Zin
The Shining One

Shops:
D:4 :   D:5 (


Innate Abilities, Weirdness & Mutations

You are a hulking beast.
Your limbs bulge with bestial killing power. (Slay +4)
You are too large for most types of armour.
You have claws for hands.
Your natural rate of healing is unusually fast.
You are covered in fur. (AC +1)
You have tough skin. (AC +1)


Message History

Something hits you! You block something's attack. Something hits you!
* * * LOW HITPOINT WARNING * * *
Something hits you!
* * * LOW HITPOINT WARNING * * *
There is a sacrificial altar of Ru, spattered with blood here.
You claw something! Something barely misses you.
You hear a splashing noise.
You enter the shallow water.
You hear a splashing noise.
Something hits you but does no damage. Something hits you.
* * * LOW HITPOINT WARNING * * *
Something hits you but does no damage. Something hits you!
* * * LOW HITPOINT WARNING * * *
Something hits you.
* * * LOW HITPOINT WARNING * * *
Something hits you.
* * * LOW HITPOINT WARNING * * *
Something hits you but does no damage. Something hits you.
* * * LOW HITPOINT WARNING * * *
It was a potion of heal wounds.
You feel much better. Something hits you. Something closely misses you.
Something hits you.
* * * LOW HITPOINT WARNING * * *
Something hits you!
* * * LOW HITPOINT WARNING * * *
Something hits you.
* * * LOW HITPOINT WARNING * * *
Something completely misses you.
You closely miss something. Something hits you!
* * * LOW HITPOINT WARNING * * *
Something hits you.
* * * LOW HITPOINT WARNING * * *
You barely miss something. Something hits you.
* * * LOW HITPOINT WARNING * * *
Something hits you.
You die...

# #..
#..#######
#....h{..#
##.#####.#
##.# ##..#
##.#.##
##.#.#.##
#)#...#.#
..#.....#.#
#..#.~~~.#.#


There were no monsters in sight!

Vanquished Creatures
  Joseph (D:8)
  3 yaks (D:10)
  2 wyverns
  A steam dragon (D:7)
  A water moccasin (D:6)
  3 ice beasts
  3 sky beasts
  An orc warrior (D:9)
  2 black bears
  2 phantoms (D:5)
  2 centaurs
  5 kobold brigands
  3 bullfrogs
  A gnoll sergeant (D:8)
  A scorpion (D:5)
  A burial acolyte (D:8)
  14 wights
  9 killer bees (D:9)
  A bombardier beetle (D:6)
  A howler monkey (D:9)
  9 orc priests
  A jelly (D:7)
  2 hounds (D:5)
  4 iguanas
  8 orc wizards
  A hound zombie (D:8)
  6 gnolls
  5 adders
  2 shadow imps (D:8)
  3 white imps
  An ufetubus (D:7)
  2 adder zombies (D:8)
  A dart slug (D:1)
  A ribbon worm (D:2)
  32 orcs
  4 bats
  6 endoplasms
  3 giant cockroaches
  A gnoll zombie (D:8)
  12 goblins
  2 jackals (D:1)
  2 quokkas
  2 ball pythons
  3 frilled lizards
  26 kobolds
  3 kobold zombies (D:8)
  4 rats
203 creatures vanquished.

Notes
Turn   | Place    | Note
-------+----------+-------------------------------------------
     0 | D:1      | Alphaeus the Troll Shapeshifter began the quest for the
                  | Orb.
     0 | D:1      | Reached XP level 1. HP: 18/18 MP: 0/0
   201 | D:1      | Reached skill level 1 in Fighting
   253 | D:1      | Reached XP level 2. HP: 24/27 MP: 1/1
   910 | D:2      | Reached XP level 3. HP: 33/33 MP: 2/2
   972 | D:2      | Found a shadowy altar of Dithmenos.
  1399 | D:3      | Found a stormy altar of Qazlal.
  1415 | D:3      | Became a worshipper of Qazlal Stormbringer
  1552 | D:3      | Reached XP level 4. HP: 31/41 MP: 3/3
  1631 | D:3      | Found a shimmering blue altar of Sif Muna.
  1682 | D:3      | Found a burning altar of Makhleb.
  2097 | D:4      | Found a shadowy altar of Dithmenos.
  2174 | D:4      | Reached skill level 4 in Shapeshifting
  2200 | D:4      | Found a staircase to the Ecumenical Temple.
  2219 | Temple   | Entered the Ecumenical Temple
  2252 | D:4      | Noticed a sky beast
  2268 | D:4      | Killed a sky beast
  2269 | D:4      | Reached XP level 5. HP: 37/49 MP: 4/4
  2295 | D:4      | Reached * piety under Qazlal
  2525 | D:4      | Noticed a black bear
  2533 | D:4      | Killed a black bear
  2534 | D:4      | Reached XP level 6. HP: 52/57 MP: 5/5
  2588 | D:4      | Found Saec's Book Shoppe.
  2828 | D:4      | Found a hazy altar of Hepliaklqana.
  2868 | D:5      | Entered Level 5 of the Dungeon
  2928 | D:5      | Reached skill level 5 in Unarmed Combat
  3006 | D:5      | Reached skill level 5 in Shapeshifting
  3080 | D:5      | Reached XP level 7. HP: 62/66 MP: 6/6
  3330 | D:5      | Found Mountiyt's Weapon Shoppe.
  3567 | D:6      | Reached skill level 1 in Shields
  3567 | D:6      | Reached skill level 6 in Shapeshifting
  3622 | D:6      | Reached XP level 8. HP: 69/75 MP: 7/7
  3998 | D:6      | Reached skill level 7 in Shapeshifting
  4412 | D:7      | Reached ** piety under Qazlal
  4447 | D:7      | Reached XP level 9. HP: 41/85 MP: 8/8
  4507 | D:7      | Found a burning altar of Makhleb.
  4594 | D:7      | Reached skill level 8 in Shapeshifting
  4680 | D:7      | Identified the +1 robe "Rakiud" {rPois Dex+3 Stlth+
                  | Archmagi}
  4753 | D:7      | Reached skill level 5 in Fighting
  5159 | D:8      | Reached *** piety under Qazlal
  5241 | D:8      | Noticed Joseph
  5258 | D:8      | Killed Joseph
  5259 | D:8      | Reached skill level 9 in Shapeshifting
  5380 | D:8      | Reached skill level 5 in Shields
  5535 | D:8      | Found an ancient bone altar of Kikubaaqudgha.
  5821 | D:9      | Reached XP level 10. HP: 98/98 MP: 9/9
  5835 | D:9      | Reached **** piety under Qazlal
  6094 | D:9      | Found a staircase to the Lair.
  6204 | D:9      | Reached skill level 10 in Shapeshifting
  6277 | D:9      | Noticed a cyclops
  6277 | D:9      | Noticed a manticore
  6277 | D:9      | Noticed a five-headed hydra
  6286 | D:9      | Noticed a centaur warrior
  6287 | D:9      | Noticed a two-headed ogre
  6335 | D:10     | Entered Level 10 of the Dungeon
  6393 | D:10     | Found a sacrificial altar of Ru.
  6440 | D:10     | HP: 2/98 [something (4)]
  6440 | D:10     | Slain by an unseen horror

Illustrated notes

Levels and vault maps discovered:
D:1:      dpeg_arrival_more_subterranean_lakeside_camping, layout_basic
D:2:      layout_basic, basic_altar
D:3:      layout_basic, bloody_makhleb, lemuel_doored_altar, old_standard_altar
D:4:      layout_basic, nicolae_dithmenos_shadow_blocks,
          nzn_hepliaklqana_mist_gate, minmay_temple_entry_mist, serial_shops,
          nicolae_shop_tiny_statue_garden
D:5:      layout_basic, serial_shops, shop, nicolae_letterblocks
          [nicolae_letter_subblock, nicolae_letter_subblock,
          nicolae_letter_subblock, nicolae_letter_subblock,
          nicolae_letter_subblock, nicolae_letter_subblock,
          nicolae_letter_subblock, nicolae_letter_subblock,
          nicolae_letter_subblock, nicolae_letter_subblock,
          nicolae_letter_subblock, nicolae_letter_subblock,
          nicolae_letter_subblock, nicolae_letter_subblock,
          nicolae_letter_subblock, nicolae_letter_subblock,
          nicolae_letter_subblock, nicolae_letter_subblock,
          nicolae_letter_subblock, nicolae_letter_subblock,
          nicolae_letter_subblock, nicolae_letter_subblock,
          nicolae_letter_subblock, nicolae_letter_subblock,
          nicolae_letter_subblock]
D:6:      layout_cave_pods, nicolae_overflow_hidden_temple,
          minmay_misc_feat_nine_boxes
D:7:      layout_basic, hangedman_decor_opposing, minmay_ruined_shrine
D:8:      layout_cave_pools, regret_index_kikubaaqudgha_part_by_part,
          uniq_joseph
D:9:      layout_rooms, lair_entry_dummy, minivault_12
D:10:     gammafunk_jiyva_shrine, layout_loops_ring, nicolae_ru_awakened_eye,
          minivault_22
Temple:   nicolae_temple_great_sept

Skill      XL: |  1  2  3  4  5  6  7  8  9 10 |
---------------+-------------------------------+-----
Fighting       | 1 2 3 4 5 6 |  6.2
Unarmed Combat | 4 5 6 |  6.0
Shapeshifting  | 4 5 6 7 9 10 | 10.3
Shields        | 1 3 5 |  5.8
Dodging        | |  1.5

Action                     |  1- 3 |  4- 6 |  7- 9 | 10-12 || total
---------------------------+-------+-------+-------+-------++-------
  Melee: Unarmed           |    90 |    90 |   289 |    85 ||   554
         Punch             |     3 |       |     6 |     2 ||    11
    Use: Potion            |       |       |       |     1 ||     1
 Armour: Animal skin       |    44 |    48 |    74 |       ||   166
         Robe              |       |       |    93 |    60 ||   153
  Dodge: Dodged            |    41 |    58 |   156 |    46 ||   301
  Block: Other             |       |     2 |    37 |    16 ||    55
